AoeStats
← Kubya

Hideout

509137312Analyzed
1v1 RM · 7d ago on Sep 25, 2026· 28m 4s· 2 players
Game mode
Random Map
Map size
Tiny (2 player)
Population
200
Speed
Normal
Resources
Standard
Victory
Conquest
Starting age
Dark Age
Ending age
Imperial Age
RankedLock teamsTeams togetherTeam positionsShared explorationLock speedFull tech treeHidden civsTurbo modeCheats
Victory
Defeat
🇸🇪 Danes · Sweden
1530
+17
🇪🇸 Saxons · Spain
1558
-17
Kubya
7:59 Loom
10:17 Feudal Age
14:15 Castle Age
13:55 Scale Mail Armor
13:54 Horse Collar
14:03 Double-Bit Axe
22:18 Gold Mining
25:56 Imperial Age
23:50 Town Watch
25:35 Chain Mail Armor
25:57 Onager
Eliot
10:41 Feudal Age
14:44 Castle Age
13:26 Horse Collar
17:42 Double-Bit Axe
18:04 Loom
20:53 Wheelbarrow
22:14 Town Watch
24:29 Bow Saw
25:38 Hand Cart
30:14 Imperial Age
Connection lost

Rejoining the realm…

Still unreachable

The connection could not be restored.

Session expired

The server has moved on; the page needs a fresh start.